 Dungeon Crawl Stone Soup version 0.17.0-26-gececa24 (webtiles) character file.

9499 Eptagon the Thaumaturge (level 11, -3/81 HPs)
             Began as a Deep Elf Fire Elementalist on Nov 20, 2015.
             Was a Believer of Vehumet.
             Slain by a river rat (6 damage)
             ... on level 1 of the Lair of Beasts.
             The game lasted 00:49:03 (12320 turns).

Eptagon the Thaumaturge (DEFE)                     Turns: 12320, Time: 00:49:04

Health: -3/81      AC: 25    Str:  5    XL:     11   Next: 23%
Magic:  3/29       EV:  2    Int: 24    God:    Vehumet [**....]
Gold:   537        SH:  0    Dex: 20    Spells: 6 memorised, 17 levels left

rFire  + . .     SeeInvis .     b - +3 dire flail (crush)
rCold  + . .     Clarity  .     (armour currently unavailable)
rNeg   + + +     SustAt   .     (shield currently unavailable)
rPois  +         Gourm    .     (helmet currently unavailable)
rElec  +         Spirit   .     (cloak currently unavailable)
rCorr  +         Warding  .     (gloves currently unavailable)
rMut   +         NoTele   +     (boots currently unavailable)
MR     .....                    y - amulet of resist mutation
Stlth  ++++......               (no ring)
                                k - ring of poison resistance

@: agile, tree-form (expiring), resistant, vulnerable, very slightly
contaminated, hasted (expiring), very quick, not resistant to hostile
enchantments, stealthy
A: no striking features
a: Renounce Religion


You were on level 1 of the Lair of Beasts.
You worshipped Vehumet.
Vehumet was pleased with you.
You were hungry.
You were a tree.
You visited 3 branches of the dungeon, and saw 11 of its levels.

You collected 537 gold pieces.

Inventory:

Hand Weapons
 a - a +2 flail of venom
 b - a +3 dire flail of crushing (weapon)
Missiles
 f - 28 poisoned needles
Armour
 t - a +0 pair of gloves (melded)
 v - a +0 cloak of poison resistance
 A - a +2 buckler
 J - the cursed +1 ring mail "Qemoukha" (melded) {*Corrode Int+10}
   (You found it on level 9 of the Dungeon)

   It affects your intelligence (+10).
   It may corrode your equipment when you take damage.
   It has a curse placed upon it.
 K - a +0 pair of boots (melded)
 L - a +2 cloak of invisibility (melded)
 N - a +1 hat (melded)
Jewellery
 k - a ring of poison resistance (left branch)
 m - an uncursed ring of teleportation
 y - an amulet of resist mutation (around neck)
Wands
 i - a wand of polymorph (6)
 C - a wand of polymorph (7)
 G - a wand of paralysis (1)
 M - a wand of hasting (3)
Scrolls
 q - 3 scrolls of amnesia
 u - 2 scrolls of remove curse
Potions
 e - a potion of haste
 l - a potion of resistance
 o - a potion of brilliance
 p - a potion of agility
 s - 2 potions of cure mutation
 z - a potion of flight
Comestibles
 c - 9 bread rations
 j - a beef jerky
 n - 3 meat rations
 r - 7 fruits
 w - 2 chunks of flesh
 B - 10 slices of pizza
 D - a royal jelly


   Skills:
 - Level 2.4 Dodging
 - Level 2.4 Stealth
 + Level 12.8 Spellcasting
 + Level 11.7 Conjurations
 + Level 11.1 Fire Magic


You had 17 spell levels left.
You knew the following spells:

 Your Spells              Type           Power        Failure   Level  Hunger
a - Flame Tongue          Conj/Fire      #####        1%          1    None
b - Throw Flame           Conj/Fire      ######       1%          2    None
c - Conjure Flame         Conj/Fire      ######..     1%          3    None
f - Fireball              Conj/Fire      ######....   1%          5    ###....
i - Inner Flame           Hex/Fire       #####...     1%          3    None
s - Sticky Flame          Conj/Fire      ######..     1%          4    None


Dungeon Overview and Level Annotations

Branches:
Dungeon (9/15)             Temple (1/1) D:7            Lair (1/8) D:9
    Orc: D:9-12

Altars:
Ashenzari
Cheibriados
Dithmenos
Elyvilon
Fedhas
Gozag
Kikubaaqudgha
Makhleb
Nemelex Xobeh
Okawaru
Qazlal
Ru
Sif Muna
Trog
Vehumet
Xom
Yredelemnul
Zin
The Shining One

Shops:
D:6 :   D:7 }


Message History

Aim: a river rat (blue smoke, almost dead, susceptible to magic)
The puff of flame hits the river rat.
You kill the river rat!
Vehumet accepts your kill.
You feel your power returning.
The river rat bites you but does no damage. x2
The helpless yak fails to defend itself.
You puncture the yak!
The yak is severely wounded.
The river rat bites you but does no damage. x4
The helpless yak fails to defend itself.
You puncture the yak!
You kill the yak!
Vehumet accepts your kill.
Your transformation is almost over.
Your extra speed is starting to run out.
The river rat barely misses you.
The river rat bites you but does no damage. x3
The river rat bites you.
You die...

#........#
.........#
#........#
#..†.....#
#.........
#..†.....#
##§.......#
#.$§r.....#
##r♣r.....#
#r§r..†..#
#.........
#........#
#.........
.........#
#.(.......
#........#


You could see 5 river rats.

Vanquished Creatures
  Erica (D:8)
  Pikel (D:8)
  Maurice (D:8)
  A black mamba (Lair:1)
  An ice statue (D:9)
  A two-headed ogre (D:8)
  A troll (D:7)
  A wyvern (D:9)
  Eustachio (D:4)
  12 yaks
  A deep elf mage (D:9)
  2 wargs (D:9)
  A hungry ghost (D:9)
  Edmund (D:4)
  2 water moccasins
  3 ice beasts
  An eye of draining (D:9)
  2 orc warriors (D:9)
  2 sky beasts (D:8)
  4 slaves (D:8)
  2 black bears (D:8)
  7 centaurs
  4 ogres
  10 giant frogs
  A water moccasin skeleton (D:9)
  3 wights (D:9)
  3 jellies
  A crimson imp (D:5)
  2 giant frog zombies
  4 hounds
  Crazy Yiuf (D:3)
  A giant frog skeleton (D:7)
  13 orc wizards
  Natasha (thrice) (D:2)
  4 orc priests
  6 iguanas
  4 worker ants
  A hound zombie (D:9)
  2 hound skeletons
  8 adders
  9 gnolls
  4 river rats (Lair:1)
  2 oozes
  3 adder skeletons
  An adder zombie (D:7)
  4 worms
  4 giant geckos
  30 orcs
  3 giant cockroaches
  9 goblins
  9 hobgoblins
  12 jackals
  14 kobolds
  5 quokkas
  7 bats
  4 giant newts
  13 rats
253 creatures vanquished.

Vanquished Creatures (others)
  2 plants
2 creatures vanquished.

Grand Total: 255 creatures vanquished

Notes
Turn   | Place    | Note
--------------------------------------------------------------
     0 | D:1      | Eptagon the Deep Elf Fire Elementalist began the quest for the Orb.
     0 | D:1      | Reached XP level 1. HP: 10/10 MP: 6/6
   253 | D:1      | Reached XP level 2. HP: 15/15 MP: 2/8
   524 | D:1      | Learned a level 2 spell: Throw Flame
  1072 | D:1      | Reached XP level 3. HP: 19/19 MP: 6/9
  1099 | D:1      | Learned a level 3 spell: Conjure Flame
  1762 | D:2      | Learned a level 3 spell: Inner Flame
  1913 | D:2      | Noticed Natasha
  1919 | D:2      | Killed Natasha
  1919 | D:2      | Reached skill level 4 in Spellcasting
  1919 | D:2      | Reached XP level 4. HP: 13/24 MP: 4/12
  2443 | D:2      | Noticed Natasha
  2446 | D:2      | Killed Natasha
  2615 | D:2      | Noticed Natasha
  2616 | D:2      | Killed Natasha
  3123 | D:3      | Noticed Crazy Yiuf
  3127 | D:3      | Killed Crazy Yiuf
  3383 | D:3      | Reached XP level 5. HP: 28/28 MP: 9/13
  4255 | D:4      | Learned a level 4 spell: Sticky Flame
  4267 | D:4      | Reached XP level 6. HP: 32/32 MP: 10/15
  4309 | D:4      | Reached skill level 5 in Conjurations
  4380 | D:4      | Reached skill level 5 in Spellcasting
  4479 | D:4      | Noticed Edmund
  4497 | D:4      | Killed Edmund
  4497 | D:4      | Reached skill level 5 in Fire Magic
  4778 | D:4      | Found an iron altar of Okawaru.
  5025 | D:4      | Noticed Eustachio
  5039 | D:4      | Killed Eustachio
  5039 | D:4      | Reached skill level 6 in Conjurations
  5039 | D:4      | Reached XP level 7. HP: 33/36 MP: 5/17
  5276 | D:5      | Entered Level 5 of the Dungeon
  6166 | D:5      | Learned a level 5 spell: Fireball
  6179 | D:5      | Reached skill level 7 in Conjurations
  6318 | D:5      | Reached XP level 8. HP: 30/41 MP: 14/20
  7286 | D:6      | Reached skill level 8 in Conjurations
  7512 | D:6      | Found Nauxkux's Book Shoppe.
  8142 | D:7      | Found Doduada's Gadget Shop.
  8377 | D:7      | Noticed a troll
  8386 | D:7      | Killed a troll
  8386 | D:7      | Reached XP level 9. HP: 45/45 MP: 11/23
  8496 | D:7      | Found a staircase to the Ecumenical Temple.
  8504 | Temple   | Entered the Ecumenical Temple
  8660 | Temple   | Became a worshipper of Vehumet
  8714 | D:7      | Found a blossoming altar of Fedhas.
  8724 | D:7      | Reached skill level 9 in Spellcasting
  8989 | D:7      | You fall through a shaft!
  9388 | D:8      | Noticed Maurice
  9397 | D:8      | Killed Maurice
  9420 | D:8      | Reached skill level 10 in Spellcasting
  9587 | D:8      | Found a white marble altar of Elyvilon.
  9702 | D:8      | Noticed Pikel
  9732 | D:8      | Killed Pikel
  9732 | D:8      | Reached skill level 10 in Conjurations
  9732 | D:8      | Reached XP level 10. HP: 50/50 MP: 7/26
  9843 | D:8      | Reached * piety under Vehumet
  9843 | D:8      | Offered knowledge of Magic Dart by Vehumet.
 10359 | D:8      | Noticed Erica
 10364 | D:8      | Killed Erica
 10364 | D:8      | Reached skill level 11 in Spellcasting
 10364 | D:8      | Reached skill level 10 in Fire Magic
 11503 | D:9      | Found a staircase to the Lair.
 11504 | D:9      | Got a transparent ring mail
 11515 | D:9      | Identified the cursed +1 ring mail "Qemoukha" {*Corrode Int+10} (You found it on level 9 of the Dungeon)
 11560 | D:9      | Reached skill level 12 in Spellcasting
 11790 | D:9      | Reached ** piety under Vehumet
 11790 | D:9      | Offered knowledge of Throw Frost by Vehumet.
 12005 | D:9      | Reached XP level 11. HP: 54/54 MP: 20/29
 12201 | Lair:1   | Entered Level 1 of the Lair of Beasts
 12283 | Lair:1   | HP: 3/81 [black mamba (3)]
 12286 | Lair:1   | HP: 1/81 [yak (2)]
 12310 | Lair:1   | HP: 2/81 [river rat (5)]
 12317 | Lair:1   | HP: 2/81 [river rat (6)]
 12320 | Lair:1   | Slain by a river rat

Action                   |  1- 3 |  4- 6 |  7- 9 | 10-12 || total
-------------------------+-------+-------+-------+-------++-------
Melee: Unarmed           |     8 |     1 |       |       ||     9
       Quarterstaff      |       |     7 |       |       ||     7
       Scimitar          |       |     4 |       |       ||     4
       Flail             |       |    21 |     6 |       ||    27
       Dire flail        |       |    13 |   110 |    94 ||   217
 Cast: Flame Tongue      |    48 |    37 |    44 |    19 ||   148
       Throw Flame       |    27 |    56 |    72 |    43 ||   198
       Conjure Flame     |     1 |     7 |    16 |    11 ||    35
       Inner Flame       |       |     5 |     5 |     3 ||    13
       Sticky Flame      |       |       |    11 |    16 ||    27
       Fireball          |       |       |    10 |    27 ||    37
Evoke: Wand              |       |       |       |     1 ||     1
  Use: Scroll            |     1 |     9 |     2 |    11 ||    23
       Potion            |       |       |       |    12 ||    12
 Stab: Sleeping          |     1 |     1 |       |       ||     2
       Paralysed         |       |       |       |     2 ||     2
  Eat: Chunk             |     4 |    10 |    17 |    10 ||    41
       Fruit             |       |       |     1 |       ||     1
